 Dungeon Crawl Stone Soup version 0.32-a0-768-g0f6f1dd4b9 (webtiles) character file.

Game seed: 3583883926019739874

26 Rohain the Chopper (level 2, -7/25 HPs)
             Began as a Mountain Dwarf Reaver on Mar 19, 2024.
             Mangled by an orc
             ... wielding a +0 trident
              (9 damage)
             ... on level 2 of the Dungeon.
             The game lasted 00:01:58 (1049 turns).

Rohain the Chopper (Mountain Dwarf Reaver)          Turns: 1049, Time: 00:01:58

Health: -7/25      AC:  3    Str: 14    XL:     2   Next: 89%
Magic:  5/5        EV: 10    Int: 13    God:
Gold:   44         SH:  0    Dex:  8    Spells: 4/5 levels left

rFire   . . .        a - +0 hand axe
rCold   . . .        (no shield)
rNeg    . . .        e - +0 leather armour {rPois}
rPois   +            (no helmet)
rElec   .            (no cloak)
rCorr   .            (no gloves)
SInv    .            (no boots)
Will    .....        (no amulet)
Stlth   +            (no ring)
HPRegen 0.24/turn    (no ring)
MPRegen 0.09/turn

%: no passive effects
@: mighty
A: runic magic, artefact enchanting
a: no special abilities


You were on level 2 of the Dungeon.
You visited 1 branch of the dungeon, and saw 2 of its levels.

You collected 44 gold pieces.

Inventory:

Hand Weapons
 a - a +0 hand axe (weapon)
Armour
 b - a +0 leather armour
 e - a +0 leather armour of poison resistance (worn)
Magical Staves
 i - a staff of fire
Scrolls
 g - 2 scrolls of teleportation {unknown}
 h - 2 scrolls of identify
 j - a scroll of revelation {unknown}
 l - a scroll of fear {unknown}
Potions
 c - a potion of enlightenment {unknown}
 d - 2 potions of might
 f - a potion of resistance {unknown}
 k - a potion of magic {unknown}


   Skills:
 + Level 2.5 Fighting
 + Level 3.9 Axes
 + Level 1.7 Dodging
 + Level 2.0 Spellcasting
 + Level 2.9 Conjurations


You had 4 spell levels left.
You knew the following spells:

 Your Spells              Type           Power      Damage    Failure   Level
a - Kiss of Death         Conj/Necr      20%        2d7       14%         1

Your spell library contained the following spells:

 Spells                   Type           Power      Damage    Failure   Level
 Momentum Strike          Conj/Tloc      10%        3d8       22%         2
 Hailstorm                Conj/Ice       5%         3d5       41%         3


Dungeon Overview and Level Annotations

Branches:
Dungeon (2/15)

Altars:


Innate Abilities, Weirdness & Mutations

Your spellcasting is much less encumbered by armour.
You can use scrolls of enchantment on lesser artefacts.


Message History

The kobold hits you with a +0 whip.
The orc shouts!
You hear an angry hiss.
You closely miss the kobold.
You hear an angry hiss.
The kobold hits you with a +0 whip.
An orc comes into view. It is wielding a +0 club.
You hit the kobold.
The kobold is heavily wounded.
A goblin comes into view. It is wielding a +0 dagger.
The kobold hits you with a +0 whip. The orc hits you but does no damage.
A frilled lizard comes into view.
You closely miss the kobold.
The kobold is heavily wounded.
An adder comes into view.
The orc hits you from afar with a +0 trident.
The kobold closely misses you.
You are too injured to fight recklessly!
The adder hisses angrily.
The kobold attacks as it pursues you! The kobold completely misses you.
The kobold attacks as it pursues you! The kobold hits you with a +0 whip.
* * * LOW HITPOINT WARNING * * *
The kobold attacks as it pursues you! The kobold barely misses you.
You see here a +0 robe.
You barely miss the kobold.
The kobold is heavily wounded.
The kobold hits you with a +0 whip.
* * * LOW HITPOINT WARNING * * *
You feel very mighty all of a sudden. The kobold hits you with a +0 whip.
* * * LOW HITPOINT WARNING * * *
You closely miss the kobold.
The kobold is heavily wounded.
The kobold hits you but does no damage.
You barely miss the kobold.
The kobold is heavily wounded.
The orc misses you. The kobold hits you but does no damage.
You miss the kobold.
The kobold is heavily wounded.
The orc hits you from afar with a +0 trident!
You die...

#)#
##.#..#.##
#.#
##.#..#.##
#.#
##.#..#.##
#.#
##.#..#.##
#.#
##.#..#.##
#.#
##.#..#.##
#.#
##.#..#.##
#......###
#+#.#.@#.###
###.#Ko#.###
###.#oo#.#
###.#.o#
###.#l.#
###.#... ##
.#l. #


You could see 4 orcs, a kobold and a frilled lizard.

Vanquished Creatures
  2 dart slugs (D:1)
  2 ball pythons (D:2)
  3 bats
  3 endoplasms (D:1)
  4 hobgoblins
  A kobold (D:2)
  2 quokkas
  A frilled lizard (D:1)
  2 rats (D:1)
20 creatures vanquished.

Notes
Turn   | Place    | Note
-------+----------+-------------------------------------------
     0 | D:1      | Rohain the Mountain Dwarf Reaver began the quest for the
                  | Orb.
     0 | D:1      | Reached XP level 1. HP: 17/17 MP: 3/3
   128 | D:1      | Reached XP level 2. HP: 6/22 MP: 4/4
   635 | D:1      | Found a faded altar of an unknown god.
  1046 | D:2      | HP: 1/25 [kobold/+0 whip (2)]
  1049 | D:2      | Mangled by an orc

Illustrated notes

Levels and vault maps discovered:
D:1:      dpeg_arrival_snail, layout_loops_ring,
          hellmonk_ecumenical_altar_arch_garden, minmay_pentomino_o2
D:2:      minmay_razor_zed, layout_rooms, uniq_natasha

Skill      XL: |  1  2 |
---------------+-------+-----
Spellcasting   | 2 |  2.0
Fighting       | |  2.5
Axes           | |  3.9
Dodging        | |  1.7
Conjurations   | |  2.9

Action                     || total
---------------------------++-------
  Melee: Hand axe          ||    80
   Cast: Kiss of Death     ||     1
    Use: Scroll            ||     1
         Potion            ||     1
 Armour: Leather armour    ||    61
  Dodge: Dodged            ||    47

Table legend: (Time is in decaauts)
 A = Elapsed time spent in this place.
 B = Non-inter-level travel time spent in this place.
 C = Inter-level travel time spent in this place.
 D = Time resting spent in this place.
 E = Time spent auto-exploring this place.
 F = Levels seen in this place.
 G = Mean time per level.
                   A        B        C        D        E       F      G
               +--------+--------+--------+--------+--------+-----+--------+
         Total |   1057 |    997 |     60 |     83 |    706 |   2 |  528.5 |
       Dungeon |   1057 |    997 |     60 |     83 |    706 |   2 |  528.5 |
               +--------+--------+--------+--------+--------+-----+--------+

Top non-repeatable levels by time:
     D:1: 953 daAuts
     D:2: 104 daAuts
